 Dungeon Crawl Stone Soup version 0.32-a0-975-g85d4e5bfdb (webtiles) character file.

Game seed: 5571440769052957986

5308 PriceMaster the Reanimator (level 10, -23/74 HPs)
             Began as a Demonspawn Necromancer on Apr 20, 2024.
             Annihilated by a two-headed ogre
             ... wielding a +0 giant club
              (26 damage)
             ... on level 10 of the Dungeon.
             The game lasted 00:15:55 (8431 turns).

PriceMaster the Reanimator (Demonspawn Necromancer) Turns: 8431, Time: 00:15:56

Health: -23/74     AC: 13    Str: 14    XL:     10   Next: 37%
Magic:  2/9        EV: 11    Int: 15    God:
Gold:   308        SH:  4    Dex: 19    Spells: 3/20 levels left

rFire   + + .        s - +11 flail of Flawed Execution {venom, ^Fragile rElec rC++ MP-9}
rCold   + + .        G - +0 buckler
rNeg    . . .        q - +5 ring mail "Deruc" {^Contam rF++ Str+3 Int-3}
rPois   .            (no helmet)
rElec   +            F - scarf {harm}
rCorr   .            (gloves unavailable)
SInv    .            (no boots)
Will    .....        z - amulet of magic regeneration
Stlth   ++           u - +6 ring of dexterity
HPRegen 0.32/turn    H - ring of wizardry
MPRegen 0.51/turn

%: harm (+30% outgoing, +20% incoming), wizardry (x1)
@: animating dead
A: claws 3, yellow scales 2, ignite blood 1
a: no special abilities


You were on level 10 of the Dungeon.
You visited 1 branch of the dungeon, and saw 10 of its levels.

You collected 398 gold pieces.
You spent 90 gold pieces at shops.

Inventory:

Hand Weapons
 b - a +0 scythe
 c - a +0 dagger
 s - the +11 flail of Flawed Execution (weapon) {venom, ^Fragile rElec rC++ MP-9}
   (You took it off a gnoll on level 4 of the Dungeon)

   rC++:      It greatly protects you from cold.
   rElec:     It insulates you from electricity.
   MP-9:      It affects your magic capacity (-9).
   ^Fragile:  It will be destroyed if unequipped.
 J - the +0 mace of Rios {holy, rC+ rN+}
   (You found it on level 8 of the Dungeon)

   rC+:       It protects you from cold.
   rN+:       It protects you from negative energy.
Armour
 a - a +0 robe
 q - the +5 ring mail "Deruc" (worn) {^Contam rF++ Str+3 Int-3}
   (You found it on level 4 of the Dungeon)

   Str+3:     It affects your strength (+3).
   Int-3:     It affects your intelligence (-3).
   rF++:      It greatly protects you from fire.
   ^Contam:   It causes magical contamination when unequipped.
 F - a scarf of harm (worn)
 G - a +0 buckler (worn)
Jewellery
 d - a +6 ring of intelligence
 i - a ring of willpower
 l - an amulet of the acrobat
 u - a +6 ring of dexterity (left claw)
 x - a +4 ring of protection
 z - an amulet of magic regeneration (around neck)
 E - a ring of poison resistance
 H - a ring of wizardry (right claw)
Wands
 t - a wand of light (5)
 B - a wand of flame (30)
 I - a wand of warping (4)
 K - a wand of charming (11)
Scrolls
 e - a scroll of poison {unknown}
 f - 3 scrolls of vulnerability
 g - 4 scrolls of teleportation
 h - a scroll of blinking
 j - 3 scrolls of butterflies {unknown}
 k - 5 scrolls of fog {unknown}
 o - a scroll of silence {unknown}
 p - a scroll of enchant weapon {unknown}
 r - 3 scrolls of amnesia {unknown}
 w - a scroll of enchant armour {unknown}
 y - 5 scrolls of identify
 C - 2 scrolls of noise {unknown}
Potions
 m - a potion of lignification
 n - 2 potions of enlightenment
 v - 2 potions of might {unknown}
 A - a potion of degeneration {unknown}
 D - 2 potions of attraction {unknown}
 L - 2 potions of mutation {unknown}


   Skills:
 * Level 5.0 Fighting
 + Level 0.1 Short Blades
 * Level 5.4 Maces & Flails
 + Level 1.0 Polearms
 + Level 2.8 Armour
 * Level 4.4 Dodging
 + Level 3.1 Stealth
 + Level 0.6 Shields
 + Level 5.8 Spellcasting
 * Level 8.7 Necromancy
 * Level 4.1 Translocations
 * Level 4.3 Air Magic


You had 3 spell levels left.
You knew the following spells:

 Your Spells              Type           Power      Damage    Failure   Level
a - Necrotise             Necr           100%       1d9       1%          1
b - Vampiric Draining     Necr           30%        2d8       1%          3
c - Animate Dead          Necr           30%        N/A       4%          4
d - Vhi's Electric Charg  Tloc/Air       34%        N/A       28%         4
e - Curse of Agony        Necr           30%        N/A       13%         5

Your spell library contained the following spells:

 Spells                   Type           Power      Damage    Failure   Level
 Mercury Vapours          Alch/Air       20%        N/A       11%         2
 Magic Dart               Conj           16%        1d3       16%         1
 Volatile Blastmotes      Fire/Tloc      20%        2d11      21%         3
 Searing Ray              Conj           8%         2d4       26%         2
 Mephitic Cloud           Conj/Alch/Air  8%         N/A       26%         3
 Fulminant Prism          Conj/Alch      2%         3d5       82%         4
 Freezing Cloud           Conj/Ice/Air   4%         6-21      92%         5
 Gell's Gavotte           Tloc           8%         2d(15-22) 98%         6


Dungeon Overview and Level Annotations

Branches:
Dungeon (10/15)            Temple (0/1) D:7            Lair (0/5) D:9
    Orc: D:9-12

Altars:
Fedhas
Makhleb
Qazlal
Ru

Shops:
D:6 :   D:10 (

Portals:
Abyss: D:5

Annotations:
D:5 2 transporters, markshark's ghost, novice TrFi


Innate Abilities, Weirdness & Mutations

You have claws for hands.
You are mostly covered in yellow scales. (AC +3)
Your demonic aura sometimes causes spilled blood to erupt in flames.


Message History

The two-headed ogre hits you with a +0 giant club!!
The two-headed ogre hits you with a +0 giant club!
The howler monkey barely misses your howler monkey zombie.
Your howler monkey zombie barely misses the two-headed ogre.
Casting: Vhi's Electric Charge (dangerous; 28% risk of failure)
Confirm with . or Enter, or press ? or * to list all spells.
Aiming: Vampiric Draining (safe; 1% risk of failure)
Press: ? - help, Shift-Dir - straight line, f - two-headed ogre, p - howler monkey
Aim: a two-headed ogre, wielding two +0 giant clubs (heavily wounded, extremely poisoned, ally target)
You draw life force from the two-headed ogre.
You feel life coursing into your body.
The howler monkey hits your howler monkey zombie.
Your howler monkey zombie hits the howler monkey.
The two-headed ogre hits you with a +0 giant club.
You block the two-headed ogre's attack.
Casting: Vampiric Draining (safe; 1% risk of failure)
Confirm with . or Enter, or press ? or * to list all spells.
You don't have enough magic to cast this spell.
The howler monkey hits your howler monkey zombie!
Your howler monkey zombie hits the howler monkey but does no damage.
Your magical contamination has completely faded away.
Casting: Vampiric Draining (safe; 1% risk of failure)
Confirm with . or Enter, or press ? or * to list all spells.
Aiming: Necrotise (safe; 1% risk of failure)
Press: ? - help, Shift-Dir - straight line, f/p - two-headed ogre
Aim: a two-headed ogre, wielding two +0 giant clubs (severely wounded, extremely poisoned, chance to affect: 70%)
The two-headed ogre struggles to resist.
The howler monkey hoots and howls with incredible vigour!
Your howler monkey zombie hits the howler monkey.
You hear an angry hiss.
You hear a shout!
Casting: Necrotise (safe; 1% risk of failure)
Confirm with . or Enter, or press ? or * to list all spells.
Aiming: Necrotise (safe; 1% risk of failure)
Press: ? - help, Shift-Dir - straight line, f/p - two-headed ogre
Aim: a two-headed ogre, wielding two +0 giant clubs (severely wounded, extremely poisoned, chance to affect: 70%)
The two-headed ogre writhes in agony!
The two-headed ogre hits you with a +0 giant club!!
* * * LOW HITPOINT WARNING * * *
The two-headed ogre hits you with a +0 giant club!!
You die...

#................#
#. #.............##
#. #......# .......
#.####.##.##.#.#...
#..................
#...##.##.#..#.....
#...##.##.Zh.......
#...##.##.#°O#.!.#
#..........@.....#
#...#<.....#...#..≈
.....#.####.##...##
≈ ######.# #.#
†.).# #.# #. .....#
..# #. ∩...# ###
....# ...##


You could see a two-headed ogre (extremely poisoned), a howler monkey (catching
breath, ally target) and a friendly howler monkey zombie.

Vanquished Creatures
  Maurice (D:8)
  Sigmund (D:3)
  A yak (D:9)
  A wyvern (D:9)
  2 basilisks (D:9)
  An acid dragon (D:9)
  A water moccasin (D:7)
  Duvessa (D:5)
  4 ice beasts
  3 black bears
  An orc warrior (D:9)
  8 centaurs
  2 kobold brigands (D:8)
  7 bullfrogs
  4 scorpions
  3 wights
  Dowan (D:5)
  9 killer bees (D:8)
  A howler monkey (D:10)
  2 bombardier beetles
  4 hounds
  A gnoll bouda (D:5)
  2 orc priests (D:7)
  A jelly (D:7)
  A sleepcap (D:4)
  3 iguanas
  5 orc wizards
  A killer bee zombie (D:8)
  An acid dragon zombie (D:9)
  6 gnolls
  8 adders
  A white imp (D:8)
  3 dart slugs
  2 ribbon worms
  16 orcs
  5 ball pythons
  2 endoplasms
  4 giant cockroaches
  8 goblins
  4 hobgoblins
  3 jackals (D:3)
  9 kobolds
  7 quokkas
  5 bats
  2 orc zombies (D:7)
  A rat (D:3)
159 creatures vanquished.

Vanquished Creatures (collateral kills)
  An orc warrior (D:9)
  2 killer bees (D:8)
  A jelly (D:5)
  A bombardier beetle (D:4)
  A hound (D:7)
  An orc wizard (D:9)
  2 gnolls (D:4)
  6 orcs
  A giant cockroach (D:1)
  A goblin (D:4)
  A jackal (D:3)
  A ball python (D:4)
  A bat (D:2)
  A kobold (D:8)
21 creatures vanquished.

Vanquished Creatures (others)
  A wyvern zombie (D:9)
  A centaur zombie (D:7)
  3 bullfrog zombies
  A scorpion zombie (D:4)
  2 killer bee zombies (D:8)
  2 elf zombies (D:5)
  A ribbon worm zombie (D:5)
  A goblin zombie (D:3)
  4 kobold zombies (D:8)
  3 orc zombies
19 creatures vanquished.

Grand Total: 199 creatures vanquished

Notes
Turn   | Place    | Note
-------+----------+-------------------------------------------
     0 | D:1      | PriceMaster the Demonspawn Necromancer began the quest for
                  | the Orb.
     0 | D:1      | Reached XP level 1. HP: 13/13 MP: 3/3
   135 | D:1      | Gained mutation: You have sharp fingernails. [demonic
                  | ancestry]
   135 | D:1      | Reached XP level 2. HP: 12/20 MP: 0/5
   953 | D:2      | Reached skill level 5 in Necromancy
   959 | D:2      | Gained mutation: You are partially covered in yellow
                  | scales. (AC +2) [demonic ancestry]
   959 | D:2      | Reached XP level 3. HP: 17/25 MP: 0/6
  1455 | D:2      | Learned a level 3 spell: Vampiric Draining
  1465 | D:3      | Noticed Sigmund
  1483 | D:3      | Killed Sigmund
  1484 | D:3      | Reached skill level 1 in Fighting
  1484 | D:3      | Gained mutation: You have very sharp fingernails. [demonic
                  | ancestry]
  1484 | D:3      | Reached XP level 4. HP: 3/32 MP: 0/9
  1484 | D:3      | Gained mutation: You have claws for hands. [demonic
                  | ancestry]
  1484 | D:3      | Reached XP level 5. HP: 4/37 MP: 0/10
  2092 | D:3      | Reached XP level 6. HP: 35/43 MP: 6/11
  2097 | D:3      | Learned a level 4 spell: Animate Dead
  2196 | D:3      | Found a blossoming altar of Fedhas.
  2511 | D:3      | Reached skill level 6 in Necromancy
  2722 | D:3      | Learned a level 4 spell: Vhi's Electric Charge
  3123 | D:4      | Identified the +5 ring mail "Deruc" {^Contam rF++ Str+3
                  | Int-3}
  3249 | D:4      | Reached skill level 1 in Polearms
  3249 | D:4      | Reached skill level 1 in Translocations
  3249 | D:4      | Reached skill level 1 in Air Magic
  3249 | D:4      | Gained mutation: Your demonic aura sometimes causes spilled
                  | blood to erupt in flames. [demonic ancestry]
  3249 | D:4      | Reached XP level 7. HP: 47/50 MP: 7/13
  3298 | D:4      | Identified the +11 flail of Flawed Execution {venom,
                  | ^Fragile rElec rC++ MP-9}
  3810 | D:4      | Found Zin's Purification Station.
  3819 | D:4      | Bought a potion of curing for 90 gold pieces
  3912 | D:5      | Entered Level 5 of the Dungeon
  3912 | D:5      | Noticed Dowan
  3913 | D:5      | Noticed Duvessa
  3925 | D:5      | Killed Duvessa
  3927 | D:5      | Reached skill level 1 in Maces & Flails
  3934 | D:5      | Killed Dowan
  3935 | D:5      | Reached skill level 7 in Necromancy
  3935 | D:5      | Reached XP level 8. HP: 26/57 MP: 3/14
  3949 | D:5      | Your ally Duvessa died
  4196 | D:5      | Found a transporter.
  4210 | D:5      | Found a one-way gate to the infinite horrors of the Abyss.
  4210 | D:5      | Noticed markshark's ghost (novice TrFi)
  4235 | D:5      | Found a transporter.
  4285 | D:5      | Your ally Dowan died
  4603 | D:5      | Found a stormy altar of Qazlal.
  4608 | D:5      | Noticed an air elemental
  4928 | D:6      | Reached skill level 1 in Armour
  4952 | D:6      | Found Mops's Book Shoppe.
  5550 | D:7      | Found a burning altar of Makhleb.
  5559 | D:7      | Reached XP level 9. HP: 65/65 MP: 6/15
  6090 | D:7      | Found a staircase to the Ecumenical Temple.
  6757 | D:8      | Reached skill level 5 in Spellcasting
  7091 | D:8      | Reached skill level 8 in Necromancy
  7097 | D:8      | Reached skill level 5 in Maces & Flails
  7113 | D:8      | Identified the +0 mace of Rios {holy, rC+ rN+}
  7253 | D:8      | Learned a level 5 spell: Curse of Agony
  7302 | D:8      | Noticed Maurice
  7310 | D:8      | Maurice stole the +0 mace of Rios {holy, rC+ rN+}
  7311 | D:8      | Killed Maurice
  7393 | D:8      | Found a sacrificial altar of Ru.
  7401 | D:8      | Gained mutation: You are mostly covered in yellow scales.
                  | (AC +3) [demonic ancestry]
  7401 | D:8      | Reached XP level 10. HP: 73/73 MP: 9/18
  7949 | D:9      | Found a staircase to the Lair.
  7964 | D:9      | Reached skill level 5 in Fighting
  8405 | D:10     | Entered Level 10 of the Dungeon
  8420 | D:10     | Noticed a two-headed ogre
  8426 | D:10     | Found Peunil's Weapon Shop.
  8431 | D:10     | HP: 3/74 [two-headed ogre/+0 giant club (25)]
  8431 | D:10     | Annihilated by a two-headed ogre

Illustrated notes

Levels and vault maps discovered:
D:1:      dpeg_arrival_fog, layout_loops_ring
D:2:      layout_rooms
D:3:      layout_rooms, old_standard_altar, kennysheep_another_room,
          hangedman_glass_teeth, uniq_sigmund
D:4:      layout_basic, zin_purify, minmay_quadrilaterals
D:5:      layout_loops_ring, nicolae_qazlal_style_of_elements,
          gammafunk_ghost_abyssal_escape, nicolae_twisty_statue_hallways,
          uniq_duvessa
D:6:      hellmonk_ruined_rings, layout_cave_pools, serial_co_window_serial,
          co_window_corner_a, co_window_corner_a, co_window_corner_a,
          co_window_corner_a, co_window_paths_b, co_window_of_opportunity_a,
          co_window_paths_c, co_window_corner_b, co_window_unsneaky_path_e,
          co_window_cross_3, glass_columns_a, glass_columns_a, glass_columns_a,
          glass_columns_a, glass_columns_a, nicolae_stop_n_shop_2
D:7:      layout_layer_cave, kennysheep_mini_moat, bloody_makhleb, temple_hall
D:8:      layout_cave_pods, nicolae_ru_great_annihilating_truth, minmay_bent,
          uniq_maurice
D:9:      layout_roguey, david_lair_generic, minmay_misc_feat_doors
D:10:     layout_basic, serial_shops, nicolae_shop_bloodbath_and_beyond,
          kennysheep_island_fort

Skill      XL: |  1  2  3  4  5  6  7  8  9 10 |
---------------+-------------------------------+-----
Stealth        | 2 3 |  3.1
Necromancy     | 5 6 7 8 |  8.7
Fighting       | 1 2 3 4 5 |  5.0
Dodging        | 2 3 4 |  4.4
Spellcasting   | 3 4 5 |  5.8
Polearms       | 1 |  1.0
Translocations | 1 2 3 4 |  4.1
Air Magic      | 1 2 3 4 |  4.3
Maces & Flails | 1 4 5 |  5.4
Armour         | 1 2 |  2.8
Short Blades   | |  0.1
Shields        | |  0.6

Action                     |  1- 3 |  4- 6 |  7- 9 | 10-12 || total
---------------------------+-------+-------+-------+-------++-------
  Melee: Dagger            |    32 |       |       |       ||    32
         Halberd           |       |    56 |     6 |       ||    62
         Flail             |       |       |   174 |    33 ||   207
   Cast: Necrotise         |    41 |    39 |    22 |    12 ||   114
         Vampiric Draining |     3 |     8 |     7 |     4 ||    22
         Animate Dead      |       |     4 |     8 |     3 ||    15
         Curse of Agony    |       |       |     1 |       ||     1
  Evoke: Wand              |       |       |       |     1 ||     1
    Use: Potion            |     2 |     1 |     2 |       ||     5
         Scroll            |       |     5 |       |       ||     5
   Stab: Sleeping          |       |     2 |     1 |       ||     3
         Distracted        |       |       |     1 |       ||     1
         Invisible         |       |       |       |     2 ||     2
         Paralysed         |       |       |       |     1 ||     1
 Armour: Robe              |    37 |    45 |       |       ||    82
         Ring mail         |       |    11 |   249 |    65 ||   325
  Dodge: Dodged            |    32 |    51 |   169 |    41 ||   293
  Block: Buckler           |       |       |     9 |    17 ||    26

Table legend: (Time is in decaauts)
 A = Elapsed time spent in this place.
 B = Non-inter-level travel time spent in this place.
 C = Inter-level travel time spent in this place.
 D = Time resting spent in this place.
 E = Time spent auto-exploring this place.
 F = Levels seen in this place.
 G = Mean time per level.
                   A        B        C        D        E       F      G
               +--------+--------+--------+--------+--------+-----+--------+
         Total |   8507 |   8385 |    122 |   1885 |   5124 |  10 |  850.7 |
       Dungeon |   8507 |   8385 |    122 |   1885 |   5124 |  10 |  850.7 |
               +--------+--------+--------+--------+--------+-----+--------+

Top non-repeatable levels by time:
     D:8: 1462 daAuts
     D:7: 1357 daAuts
     D:4: 1205 daAuts
     D:5: 1022 daAuts
     D:3: 991 daAuts
     D:1: 946 daAuts
     D:2: 809 daAuts
     D:9: 589 daAuts
     D:6: 97 daAuts
    D:10: 26 daAuts
